 Dungeon Crawl Stone Soup version 0.28.0 (webtiles) character file.

Game seed: 9708260992562800534

32 HallandMoats the Skirmisher (level 3, 29/29 HPs)
             Began as a Ghoul Monk on Feb 8, 2022.
             Was a Believer of Hepliaklqana.
             Safely got out of the dungeon.
             The game lasted 00:01:25 (1095 turns).

HallandMoats the Skirmisher (Ghoul Monk)            Turns: 1095, Time: 00:01:26

Health: 29/29      AC:  2    Str: 14    XL:     3   Next: 27%
Magic:  2/2        EV: 12    Int:  5    God:    Hepliaklqana [**....]
Gold:   0          SH:  0    Dex: 13    Spells: 2/2 levels left

rFire   . . .      SeeInvis .   b - +2 dagger (venom)
rCold   + . .      Faith    .   (no shield)
rNeg    + + +      Spirit   .   c - +0 robe
rPois   ∞          Reflect  .   (no helmet)
rElec   .          Harm     .   (no cloak)
rCorr   .          Rampage  .   (no gloves)
Will    .....                   (no boots)
Stlth   ++........              (no amulet)
HPRegen 0.09/turn               (no ring)
MPRegen 0.08/turn               (no ring)

@: no status effects
A: reduced essence, claws 1, cold resistance 1, negative energy resistance 3,
inhibited regeneration, torment resistance 2
a: Renounce Religion, Ancestor Life: Knight, Ancestor Life: Battlemage, Ancestor
Life: Hexer, Recall Ancestor, Ancestor Identity


You escaped.
You worshipped Hepliaklqana.
Hepliaklqana was pleased with you.
You visited 1 branch of the dungeon, and saw 1 of its levels.

Inventory:

Hand Weapons
 a - a +0 falchion
 b - a +2 dagger of venom (weapon)
Armour
 c - a +0 robe (worn)
Jewellery
 i - a +6 ring of dexterity
Scrolls
 e - a scroll of enchant weapon {unknown}
 g - a scroll of blinking {unknown}
Potions
 d - a potion of ambrosia {unknown}
 f - a potion of degeneration {unknown}
 h - a potion of mutation {unknown}


   Skills:
 + Level 3.7 Fighting
 + Level 3.0 Long Blades
 + Level 1.0 Armour
 + Level 3.0 Dodging
 - Level 2.1 Stealth


You had 2 spell levels left.
You didn't know any spells.
Your spell library was empty.

Dungeon Overview and Level Annotations

Branches:
Dungeon (1/15)

Altars:
Hepliaklqana


Innate Abilities, Weirdness & Mutations

Your life essence is reduced to manifest your ancestor. (-10% HP)
You thrive by killing the living.
You are immune to poison.
You have sharp fingernails.
Your flesh is cold resistant. (rC+)
You are immune to negative energy. (rN+++)
You do not regenerate when monsters are visible.
You are immune to unholy pain and torment.


Message History

There is an open door here.
A bat comes into view.
Found a small moonstone ring.
A bat is nearby!
A bat is nearby!
You see here a +6 ring of dexterity.
The helpless bat fails to defend itself.
You puncture the bat!
You kill the bat!
i - a +6 ring of dexterity You see here a bat corpse.
You open the door.
There is an open door here.
You see here a +0 spear.
There is an open door here.
There is an open door here.
You open the door.
Found a club.
Found a faded altar of an unknown god.
There is an open door here.
You see here a +0 club.
There is a faded altar of an unknown god here.
You cannot tell which god this altar belongs to.
Convert to them anyway?
Hepliaklqana accepts your prayer! Hepliaklqana welcomes you!
Hepliaklqana forms a fragment of your life essence into the memory of your ancestor, Ahumratum!
You can now recall your ancestor.
You can now remember your ancestor's identity.
You may now remember your ancestor's life.
(D) Dungeon
Where to? (? - help)
What level of the Dungeon? (default 1, ? - help)
You see here a +0 club.
You swap places.
There is an open door here.
There is an open door here.
You open the door.
There is an open door here.
There is a staircase leading out of the dungeon here.
Are you sure you want to leave the Dungeon?
This will make you lose the game!
You have escaped!

#...# #..# ##.###### #...#
####'#### #....... #...#
##PP#.#PP## #†###### #.####
##P≈≈#.#.PP## #.##
#.##.###P≈≈≈#.#PP.P## #..##
####.#...#P≈≈≈≈#.#...PP###...##
.........#P≈≈≈≈#.#..P.P#......#
####.#...#######.#######.#....#
#.##..'.....R@......+.#..#.#
#.###########.#########.##.#
#.# #P....#.#≈≈≈≈P###.##.# #.##
#P.P..#.#≈≈≈≈P#.#.##.# #..#
###PP..#.#≈≈≈P##.#.##.# ##.#
#.##PP.#.#≈≈P##.....[.# #.#
#.###PP#.#PP####.#.#### #.# #.#
####+####..)...#
#.###.#####.....#.##.###


You could see the friendly Ahumratum the ancestor.

Vanquished Creatures
  A dart slug (D:1)
  2 ball pythons (D:1)
  4 endoplasms (D:1)
  6 goblins (D:1)
  2 hobgoblins (D:1)
  2 kobolds (D:1)
  4 bats (D:1)
  7 frilled lizards (D:1)
  2 rats (D:1)
30 creatures vanquished.

Notes
Turn   | Place    | Note
-------+----------+-------------------------------------------
     0 | D:1      | HallandMoats the Ghoul Monk began the quest for the Orb.
     0 | D:1      | Reached XP level 1. HP: 19/19 MP: 0/0
   182 | D:1      | Reached XP level 2. HP: 26/26 MP: 1/1
   562 | D:1      | Reached XP level 3. HP: 31/31 MP: 2/2
   569 | D:1      | Reached skill level 1 in Armour
  1054 | D:1      | Found a faded altar of an unknown god.
  1061 | D:1      | Prayed at the altar of an unknown god.
  1061 | D:1      | Became a worshipper of Hepliaklqana the Forgotten
  1061 | D:1      | Reached * piety under Hepliaklqana
  1061 | D:1      | Reached ** piety under Hepliaklqana
  1095 | D:$      | Safely got out of the dungeon.

Illustrated notes

Levels and vault maps discovered:
D:1:      psy_arrival_terrarium, layout_loops_corners,
          dilly_ecumenical_altar_fadedgnrine, minmay_misc_feat_x,
          dk_noncrumbling_2

Skill      XL: |  1  2  3 |
---------------+----------+-----
Dodging        | 3 |  3.0
Long Blades    | 3 |  3.0
Armour         | 1 |  1.0
Fighting       | |  3.7
Stealth        | |  2.1

Action                   || total
-------------------------++-------
Melee: Dagger            ||    61
       Falchion          ||     3
 Stab: Sleeping          ||     6
Armor: Robe              ||     4
Dodge: Dodged            ||    30
